 Dungeon Crawl Stone Soup version 0.20-a0-788-g5cc1a67 (webtiles) character file.

46 Minion the Magician (level 3, -3/24 HPs)
             Began as a Mummy Conjurer on Feb 28, 2017.
             Was an Initiate of Vehumet.
             Killed from afar by an orc wizard (7 damage)
             ... with a magic dart
             ... on level 2 of the Dungeon.
             The game lasted 00:04:00 (2081 turns).

Minion the Magician (Mummy Conjurer)                Turns: 2081, Time: 00:04:00

Health: -3/24      AC:  2    Str: 11    XL:     3   Next: 44%
Magic:  1/8        EV: 12    Int: 15    God:    Vehumet [......]
Gold:   91         SH:  0    Dex: 12    Spells: 9/10 levels left

rFire    x . .     SeeInvis .   (no weapon)
rCold    + . .     Gourm    .   a - +0 robe
rNeg     + + +     Faith    .   (no shield)
rPois    ∞         Spirit   .   (no helmet)
rElec    .         Reflect  .   (no cloak)
rCorr    .         Harm     .   (no gloves)
MR       .....                  (no boots)
Stlth    ++........             (no amulet)
Regen    0.1/turn               (no ring)
MPRegen  0.2/turn               (no ring)

@: no status effects
A: no food or potions, fire vulnerability, cold resistance 1, negative energy
resistance 3, torment resistance, unbreathing
a: Renounce Religion


You were on level 2 of the Dungeon.
You worshipped Vehumet.
Vehumet was noncommittal.
You were not hungry.

You visited 1 branch of the dungeon, and saw 3 of its levels.

You collected 91 gold pieces.

Inventory:

Armour
 a - a +0 robe (worn)
Jewellery
 f - an uncursed ring of protection from fire {unknown}
Scrolls
 c - a scroll of teleportation {unknown}
 d - a scroll of magic mapping {unknown}
 e - 2 scrolls of immolation {unknown}
 g - a scroll of noise {unknown}
Books
 b - a book of Conjurations

   Spells                             Type                      Level
   a - Magic Dart                     Conjuration                  1
   b - Searing Ray                    Conjuration                  2
   c - Dazzling Spray                 Conjuration/Hexes            3
   d - Fulminant Prism                Conjuration/Hexes            4
   e - Force Lance                    Conjuration/Translocation    4
   f - Iskenderun's Mystic Blast      Conjuration                  4


   Skills:
 - Level 1.5 Dodging
 - Level 1.5 Stealth
 + Level 4.1 Spellcasting
 + Level 3.7 Conjurations


You had 9 spell levels left.
You knew the following spells:

 Your Spells              Type           Power        Failure   Level  Hunger
a - Magic Dart            Conj           ##..         4%          1    N/A

Dungeon Overview and Level Annotations

Branches:
Dungeon (3/15)

Altars:
Vehumet


Innate Abilities, Weirdness & Mutations

You do not eat or drink.
Your flesh is vulnerable to fire.
You are immune to poison.
Your flesh is cold resistant. (rC+)
You are immune to negative energy. (rN+++)
You are immune to unholy pain and torment.
You can survive without breathing.


Message History

The magic dart hits the orc wizard.
The orc wizard gestures wildly while chanting.
The orc wizard flickers and vanishes!
Deactivating autopickup; reactivate with Ctrl-A.
The orc hits you with a mace.
Casting: Magic Dart
Confirm with . or Enter, or press ? or * to list all spells.
Aiming: Magic Dart
Press: ? - help, Shift-Dir - straight line, f - orc
Aim: an orc, wielding a mace and wearing a ring mail (almost dead)
The magic dart hits the orc.
The orc is almost dead.
Something hits you. The orc hits you with a mace.
* * * LOW HITPOINT WARNING * * *
Something hits you.
* * * LOW HITPOINT WARNING * * *
The orc barely misses you.
A magic dart appears from out of thin air!
The magic dart hits you!
You die...

#.........# ####.# #######.###
#.# # #.# #.# ### #.# #.# ..#
#.# #.# ..# #.# #.# ..# #.# #.#
..# #.# #.# '## ######### #@#
#.#
.####.......####.############.#
....%..........{>o............#
#.###.###...................###
....#.# #.......###########.#
....#.# #.......# #.# ....#.#
#.......# #.# ....#.# #.......#
#.# ....#.# ###'######## #.#


You could see an orc.

Vanquished Creatures
  An adder (D:2)
  A worm (D:2)
  A dart slug (D:2)
  3 leopard geckos
  An orc (D:3)
  3 hobgoblins
  A quokka (D:2)
  3 bats
  5 goblins
  5 kobolds
  5 rats
29 creatures vanquished.

Notes
Turn   | Place    | Note
-------+----------+-------------------------------------------
     0 | D:1      | Minion the Mummy Conjurer began the quest for the Orb.
     0 | D:1      | Reached XP level 1. HP: 13/13 MP: 4/4
   198 | D:1      | Reached skill level 3 in Spellcasting
   320 | D:1      | Reached XP level 2. HP: 7/19 MP: 3/6
  1154 | D:2      | Reached XP level 3. HP: 17/24 MP: 1/8
  1224 | D:2      | Found a radiant altar of Vehumet.
  1247 | D:2      | Became a worshipper of Vehumet
  1689 | D:2      | Reached skill level 4 in Spellcasting
  2081 | D:2      | Killed from afar by an orc wizard

Vault maps used:
D:1:      saegor_arrival_simple_d
D:2:      fiery_altar_vehumet, minmay_misc_feat_four_crosses
D:3:      led_sif_book, corexii_leaking_fountain, minmay_rat_hole

Skill      XL: |  1  2  3 |
---------------+----------+-----
Spellcasting   | 3 4 |  4.1
Dodging        | |  1.5
Stealth        | |  1.5
Conjurations   | |  3.7

Action                   || total
-------------------------++-------
Melee: Unarmed           ||     7
 Cast: Magic Dart        ||    79
Armor: Robe              ||     2
Dodge: Dodged            ||    13
